 Dungeon Crawl Stone Soup version 0.20.0-15-g7f486f2 (webtiles) character file.

189 miragecloak the Cudgeler (level 6, -5/47 HPs)
             Began as a Formicid Abyssal Knight on June 28, 2017.
             Was a Believer of Lugonu.
             Slain by a centaur (7 damage)
             ... on level 7 of the Dungeon.
             The game lasted 00:04:18 (5472 turns).

miragecloak the Cudgeler (Formicid Abyssal Knight)  Turns: 5472, Time: 00:04:19

Health: -5/47      AC:  3    Str: 17    XL:     6   Next: 0%
Magic:  7/7        EV: 11    Int: 11    God:    Lugonu [**....]
Gold:   130        SH:  0    Dex: 12    Spells: 5/5 levels left

rFire    . . .     SeeInvis +   a - +1 mace
rCold    . . .     Gourm    .   (no shield)
rNeg     . . .     Faith    .   b - +0 leather armour
rPois    .         Spirit   .   (helmet unavailable)
rElec    .         Reflect  .   l - scarf {cloud immunity}
rCorr    +         Harm     .   (no gloves)
MR       .....                  (no boots)
Stlth    +.........             h - amulet of magic regeneration
Regen    0.2/turn               i - ring of resist corrosion
MPRegen  0.2/turn               t - ring of flight (curse)

@: no status effects
A: permanent stasis, dig shafts and tunnels, four strong arms, antennae 3
a: Dig, Shaft Self, Depart the Abyss, Bend Space, Renounce Religion, Evoke
Flight


You were on level 7 of the Dungeon.
You worshipped Lugonu.
Lugonu was pleased with you.
You were hungry.

You visited 1 branch of the dungeon, and saw 5 of its levels.
You visited the Abyss 1 time.

You collected 130 gold pieces.

Inventory:

Hand Weapons
 a - a +1 mace (weapon)
Armour
 b - a +0 leather armour (worn)
 l - a scarf of cloud immunity (worn)
Jewellery
 h - an amulet of magic regeneration (around neck)
 i - a ring of resist corrosion (left hand)
 q - an uncursed amulet of rage {unknown}
 t - a cursed ring of flight (right hand)
Wands
 c - a wand of disintegration (11/24)
 B - a wand of paralysis (14/24)
Scrolls
 d - a scroll of noise {unknown}
 g - a scroll of blinking {unknown}
 j - 4 scrolls of identify {unknown}
 m - 3 scrolls of remove curse {unknown}
 n - 4 scrolls of teleportation {unknown}
 o - a scroll of random uselessness {unknown}
 s - 2 scrolls of amnesia {unknown}
 v - a scroll of enchant weapon {unknown}
Potions
 e - 3 potions of heal wounds {unknown}
 k - a potion of flight {unknown}
 p - a potion of resistance {unknown}
 r - a potion of cancellation {unknown}
 u - a potion of invisibility {unknown}
 x - a potion of mutation {unknown}
 C - a potion of curing {unknown}
Books
 y - a book of Maledictions

   Spells                             Type                      Level
   a - Corona                         Hexes                        1
   b - Ensorcelled Hibernation        Hexes/Ice                    2
   c - Confuse                        Hexes                        3
   d - Tukima's Dance                 Hexes                        3
   e - Dazzling Spray                 Conjuration/Hexes            3
Comestibles
 f - a meat ration
 w - a fruit
 z - a royal jelly
 A - a bread ration
 D - a chunk of flesh


   Skills:
 - Level 3.2 Fighting
 + Level 5.7 Maces & Flails
 - Level 2.1 Armour
 - Level 0.8 Dodging
 - Level 2.1 Invocations


You had 5 spell levels left.
You didn't know any spells.

Dungeon Overview and Level Annotations

Branches:
Dungeon (4/15)
 Temple: D:4-7

Altars:
Makhleb
Vehumet
Yredelemnul


Innate Abilities, Weirdness & Mutations

You cannot be hasted, slowed, berserked, paralysed or teleported.
You can dig through walls and to a lower floor.
Your four strong arms can wield two-handed weapons with a shield.
You have a pair of large antennae on your head. (SInv)


Message History

You fall through a shaft for 3 floors!
The shaft crumbles and collapses.
A centaur comes into view.
The centaur shouts!
A howler monkey comes into view.
The howler monkey howls!
The centaur hits you but does no damage.
You hit the centaur but do no damage. The centaur barely misses you.
The howler monkey hoots and howls with incredible vigour!
The centaur hits you!
* * * LOW HITPOINT WARNING * * *
You barely miss the centaur. The centaur hits you.
* * * LOW HITPOINT WARNING * * *
The howler monkey hoots and howls with incredible vigour!
The centaur barely misses you.
You hear a shout!
A howler monkey comes into view.
The howler monkey howls!
You hit the centaur but do no damage. The centaur hits you!
You die...

......
.....
##
h...##
#. {
h......
...#.
... #c#
{ #@#
#.##
#..#
##..#
#...# {
{
##....
{ ####


You could see a centaur and 2 howler monkeys.

Vanquished Creatures
  An orc wizard (D:3)
  5 adders
  An ooze (D:1)
  7 worms
  A dart slug (D:1)
  2 leopard geckos (D:1)
  4 orcs (D:3)
  3 giant cockroaches
  7 goblins
  8 hobgoblins
  7 jackals
  12 kobolds
  A quokka (D:3)
  A ball python (D:2)
  11 bats
  6 frilled lizards
  9 rats
86 creatures vanquished.

Notes
Turn   | Place    | Note
-------+----------+-------------------------------------------
     0 | Abyss:1  | miragecloak the Formicid Abyssal Knight began the quest for the Orb.
     0 | Abyss:1  | Reached XP level 1. HP: 18/18 MP: 2/2
    47 | Abyss:1  | Noticed a starcursed mass
    47 | D:1      | Escaped the Abyss
   213 | D:1      | Reached XP level 2. HP: 23/24 MP: 3/3
   244 | D:1      | Reached skill level 3 in Maces & Flails
   253 | D:1      | Reached * piety under Lugonu
   410 | D:1      | Reached XP level 3. HP: 29/29 MP: 4/4
  1095 | D:2      | Found a basalt altar of Yredelemnul.
  1260 | D:2      | Reached XP level 4. HP: 4/35 MP: 5/5
  1580 | D:2      | Reached skill level 4 in Maces & Flails
  1729 | D:2      | Found a burning altar of Makhleb.
  2412 | D:2      | Found a radiant altar of Vehumet.
  2462 | D:2      | Reached ** piety under Lugonu
  2819 | D:2      | Found a faded altar of an unknown god.
  3044 | D:2      | Reached XP level 5. HP: 12/41 MP: 6/6
  3892 | D:3      | Reached skill level 5 in Maces & Flails
  5372 | D:3      | Reached XP level 6. HP: 40/47 MP: 7/7
  5458 | D:4      | Noticed an ogre
  5467 | D:4      | You fall through a shaft for 3 floors!
  5471 | D:7      | HP: 2/47 [centaur (4)]
  5472 | D:7      | Slain by a centaur

Skill      XL: |  1  2  3  4  5 |
---------------+----------------+-----
Maces & Flails | 3 4 5 |  5.7
Fighting       | |  3.2
Armour         | |  2.1
Dodging        | |  0.8
Invocations    | |  2.1

Action                   |  1- 3 |  4- 6 || total
-------------------------+-------+-------++-------
Melee: Mace              |   118 |   228 ||   346
Invok: Depart the Abyss  |     1 |       ||     1
 Abil: Shaft Self        |       |     1 ||     1
  Eat: Chunk             |       |    10 ||    10
       Bread ration      |       |     1 ||     1
Armor: Leather armour    |    44 |    63 ||   107
Dodge: Dodged            |    95 |   169 ||   264
